Bruins vs Rangers

Created - 23 décembre 2020 at 21:37

Goals
1 2 3 T
Bruins 2 0 1 3
Rangers 1 1 2 4
Shots
1 2 3 T
Bruins 9 13 11 33
Rangers 11 11 16 38

1st period

1. Bruins , Brian Dumoulin 4 (Marcus Sorensen 2) at 16:27
2. Bruins , Adam Henrique 12 (Carl Hagelin 10, Tyler Bertuzzi 18) at 18:10
3. Rangers , Nick Bonino 9 (Dmitry Kulikov 10, Cal Clutterbuck 7) at 18:34

Penalties :
Vincent Trocheck (NYR) for Hooking (Minor) at 1:13, Antoine Roussel (BOS) for Tripping (Minor) at 7:04, Jonathon Merrill (BOS) for Tripping (Minor) at 9:33, Dmitry Kulikov (NYR) for Hooking (Minor) at 11:56

2nd period

4. Rangers , Ryan McDonagh 3 (Zach Hyman 13, Connor McDavid 28) at 8:48

Penalties :
Milan Lucic (NYR) for Interference (Minor) at 2:20, Brett Pesce (BOS) for Hooking (Minor) at 4:34, Andrew Ladd (NYR) for Hooking (Minor) at 6:17, David Savard (NYR) for Roughing (Minor) at 13:27

3rd period

5. Rangers , Vincent Trocheck 11 (Nick Leddy 24) at 9:43
6. Rangers , Vincent Trocheck 12 (Cam Atkinson 11, Andrew Ladd 8) at 13:18
7. Bruins , Alex Iafallo 13 (Brady Skjei 11, Michael Frolik 9) at 15:39

Penalties :
Markus Nutivaara (BOS) for Roughing (Minor) at 6:35, Tyler Bertuzzi (BOS) for Roughing (Minor) at 13:19

Goalie Stats

Louis Domingue (BOS), 34 saves from 38 shots - (0,895), L, 0-3-0, 59:12 minutes
Joonas Korpisalo (NYR), 30 saves from 33 shots - (0,909), W, 10-2-0, 60:00 minutes

Players Stats for Bruins

Player Name              G  A  P  +/- PIM S  H  SB GA TA FO     MP     PP MP  PK MP  
------------------------------------------------------------------------------------
Adam Henrique            1  0  1   0  0   2  0  0  0  0  14/28  20:35   5:29   0:50 
Alex Iafallo             1  0  1   0  0   3  1  1  0  0  0/2    19:37   5:29   0:29 
Antoine Roussel          0  0  0  -1  2   4  0  0  0  0  1/1    16:31   0:00   2:53 
Brady Skjei              0  1  1  -1  0   3  3  0  0  0  0/0    23:37   5:07   3:05 
Brett Pesce              0  0  0  -1  2   2  0  1  0  0  0/0    16:37   0:15   4:23 
Brian Dumoulin           1  0  1  -1  0   3  2  4  0  0  0/0    13:46   0:00   5:07 
Carl Hagelin             0  1  1   0  0   0  0  0  0  0  2/2    18:46   0:15   5:21 
Colton White             0  0  0   1  0   0  2  1  0  0  0/0    17:50   4:17   0:00 
Jayson Megna             0  0  0  -1  0   2  1  0  0  0  5/11    8:58   4:10   0:00 
Jonathon Merrill         0  0  0   1  2   0  1  0  0  0  0/0    16:50   0:00   3:48 
Jordan Oesterle          0  0  0  -1  0   0  0  1  0  0  0/0    19:37   5:07   0:00 
Marcus Sorensen          0  1  1   0  0   0  1  0  0  0  0/1    15:01   5:14   0:53 
Markus Nutivaara         0  0  0   0  2   4  1  1  0  0  0/0    11:40   4:32   2:55 
Michael Frolik           0  1  1   0  0   3  2  0  0  0  0/1    16:54   4:10   0:00 
Radek Faksa              0  0  0   0  0   1  4  0  0  0  7/12   16:09   0:00   3:25 
Tanner Fritz             0  0  0  -1  0   0  1  0  0  0  0/0     4:59   0:00   0:00 
Tyler Bertuzzi           0  1  1   0  2   5  1  0  0  0  0/2    18:12   4:10   0:00 
Vladimir Sobotka         0  0  0   0  0   1  0  0  0  0  9/23   14:21   0:00   5:27 

Players Stats for Rangers

Player Name              G  A  P  +/- PIM S  H  SB GA TA FO     MP     PP MP  PK MP  
------------------------------------------------------------------------------------
Alexander Radulov        0  0  0   1  0   1  0  0  0  0  1/1    20:07   5:11   0:00 
Andrew Ladd              0  1  1   1  2   1  0  1  0  0  0/0    14:43   4:05   0:00 
Brandon Pirri            0  0  0  -1  0   0  0  0  0  0  5/7     6:17   0:07   0:00 
Cal Clutterbuck          0  1  1   0  0   1  0  0  0  0  0/0    14:33   0:07   5:28 
Cam Atkinson             0  1  1   1  0   2  0  0  0  0  0/2    15:49   5:11   0:00 
Connor McDavid           0  1  1   1  0   9  2  0  0  0  13/26  20:07   5:11   0:00 
David Savard             0  0  0   2  2   0  2  1  0  0  0/0    17:17   0:07   4:01 
Devin Shore              0  0  0  -1  0   0  0  0  0  0  2/2     7:25   0:07   1:08 
Dmitry Kulikov           0  1  1  -1  2   1  0  2  0  0  0/0    12:47   0:00   1:13 
Erik Cernak              0  0  0  -1  0   0  6  0  0  0  0/0    12:06   0:15   0:16 
Matt Niskanen            0  0  0   0  0   5  1  2  0  0  0/0    25:44   5:26   4:21 
Milan Lucic              0  0  0  -1  2   2  1  0  0  0  0/0     6:09   0:00   0:00 
Nick Bonino              1  0  1   0  0   2  0  1  0  0  13/21  13:09   0:00   4:11 
Nick Leddy               0  1  1   0  0   3  0  3  0  0  0/0    25:44   5:26   4:21 
Noel Acciari             0  0  0   0  0   3  0  0  0  0  0/2    17:30   4:21   4:11 
Ryan McDonagh            1  0  1   2  0   1  0  2  0  0  0/0    22:14   3:58   5:06 
Vincent Trocheck         2  0  2   1  2   4  2  0  0  0  11/21  19:00   4:21   4:02 
Zach Hyman               0  1  1   1  0   3  1  1  0  0  0/1    19:19   4:21   0:18 

3 Stars

1 - Vincent Trocheck (NYR)
2 - Ryan McDonagh (NYR)
3 - Nick Bonino (NYR)

Power Play

Bruins - 0 on 5 Attempt(s) - 0,00%
Rangers - 0 on 5 Attempt(s) - 0,00%

Penalty Kill

Bruins - 5 on 5 Attempt(s) - 100,00% - Score 0 goal in Penalty Kill
Rangers - 5 on 5 Attempt(s) - 100,00% - Score 0 goal in Penalty Kill

Team Stat

Bruins - Hits : 20 - Faceoff Wins : 38 - Blocked Shots : 9 - Penalty Minutes : 10
Rangers - Hits : 15 - Faceoff Wins : 45 - Blocked Shots : 13 - Penalty Minutes : 10

Official

Referees : Brandon Blandina and Ian Walsh
Linesman : Colin Gates and Brian Mach

Game Notes

No Game Note

Finance

Level 1 -- Attendance: 2537 (39,03%) -- Ticket Income 634 250 $
Level 2 -- Attendance: 2214 (44,28%) -- Ticket Income 398 520 $
Level 3 -- Attendance: 1516 (43,31%) -- Ticket Income 181 920 $
Level 4 -- Attendance: 2006 (100,00%) -- Ticket Income 100 300 $
Luxury Box -- Attendance: 456 (45,60%) -- Ticket Income 182 400 $
Game was played at the Madison Square Garden.
Total Attendance: 8729 (48,48%)
Total Ticket Income: 1 497 390 $
Other Income: 733 721 $
Total Income: 2 231 111 $

% Time on Ice - Bruins

Lines # - Real PCT - Wanted PCT - Time Play
Normal Forward
1 - 33% - 36% - 13:10
2 - 32% - 32% - 12:44
3 - 23% - 22% - 8:54
4 - 12% - 10% - 4:45
Normal Defense
1 - 37% - 36% - 14:30
2 - 33% - 32% - 13:03
3 - 21% - 21% - 8:25
4 - 9% - 11% - 3:35
PP Forward
1 - 57% - 55% - 5:29
2 - 43% - 45% - 4:10
PP Defense
1 - 53% - 60% - 5:07
2 - 47% - 40% - 4:32
PK Forward
1 - 62% - 60% - 5:58
2 - 38% - 40% - 3:41
PK Defense
1 - 56% - 60% - 5:26
2 - 44% - 40% - 4:13
PK3 Forward
1 - 0% - 54%
2 - 0% - 46%
PK3 Defense
1 - 0% - 60%
2 - 0% - 40%
44 Forward
1 - 100% - 55% - 0:16
2 - 0% - 45% - 0:00
44 Defense
1 - 100% - 60% - 0:16
2 - 0% - 40% - 0:00
Last Minute Offensive  - 0:53
Last Minute Defensive  - 0:00
Total
Forward - 60:00
Defense - 60:00

% Time on Ice - Rangers

Lines # - Real PCT - Wanted PCT - Time Play
Normal Forward
1 - 37% - 43% - 14:40
2 - 27% - 33% - 10:38
3 - 21% - 15% - 8:19
4 - 16% - 9% - 6:10
Normal Defense
1 - 38% - 44% - 15:18
2 - 32% - 33% - 12:54
3 - 29% - 23% - 11:35
4 - 0% - 0% - 0:00
PP Forward
1 - 54% - 53% - 5:11
2 - 46% - 47% - 4:28
PP Defense
1 - 56% - 53% - 5:26
2 - 44% - 47% - 4:13
PK Forward
1 - 57% - 55% - 5:28
2 - 43% - 45% - 4:11
PK Defense
1 - 47% - 55% - 4:33
2 - 53% - 45% - 5:06
PK3 Forward
1 - 0% - 55%
2 - 0% - 45%
PK3 Defense
1 - 0% - 55%
2 - 0% - 45%
44 Forward
1 - 100% - 55% - 0:16
2 - 0% - 45% - 0:00
44 Defense
1 - 0% - 55% - 0:00
2 - 100% - 45% - 0:16
Last Minute Offensive  - 0:00
Last Minute Defensive  - 0:39
Total
Forward - 60:00
Defense - 60:00

Play-by-Play

1st period


0:01 of 1st period - Adam Henrique wins face-off versus Connor McDavid in neutral zone.
0:16 of 1st period - Shot by Adam Henrique.
0:16 of 1st period - Shot Blocked by Nick Leddy.
0:24 of 1st period - Shot by Carl Hagelin.
0:24 of 1st period - Shot Misses the Net.
0:26 of 1st period - Shot by Adam Henrique.
0:26 of 1st period - Shot Blocked by Matt Niskanen.
0:28 of 1st period - Shot by Jordan Oesterle.
0:28 of 1st period - Shot Misses the Net.
0:30 of 1st period - Shot by Carl Hagelin.
0:30 of 1st period - Shot Misses the Net.
0:32 of 1st period - Shot by Carl Hagelin.
0:32 of 1st period - Shot Misses the Net.
0:56 of 1st period - Alexander Radulov is hit by Radek Faksa and loses puck.
1:01 of 1st period - Zach Hyman is hit by Michael Frolik and loses puck.
1:13 of 1st period - Minor Penalty to Vincent Trocheck for Hooking.
1:14 of 1st period - Devin Shore wins face-off versus Adam Henrique in Rangers zone.
1:43 of 1st period - Shot by Marcus Sorensen.
1:43 of 1st period - Shot Misses the Net.
1:59 of 1st period - Shot by Brady Skjei.
1:59 of 1st period - Shot Misses the Net.
2:01 of 1st period - Shot by Jayson Megna.
2:01 of 1st period - Stopped by Joonas Korpisalo with a rebound.
2:03 of 1st period - Shot by Brady Skjei.
2:03 of 1st period - Stopped by Joonas Korpisalo without a rebound.
2:04 of 1st period - Devin Shore wins face-off versus Jayson Megna in Rangers zone.
3:26 of 1st period - Antoine Roussel is hit by Erik Cernak and loses puck.
3:43 of 1st period - Shot by Antoine Roussel.
3:43 of 1st period - Stopped by Joonas Korpisalo without a rebound.
3:44 of 1st period - Connor McDavid wins face-off versus Radek Faksa in Rangers zone.
3:44 of 1st period - Connor McDavid is hit by Radek Faksa.
3:49 of 1st period - Off-side.
3:50 of 1st period - Connor McDavid wins face-off versus Marcus Sorensen in neutral zone.
4:03 of 1st period - Shot by Ryan McDonagh.
4:03 of 1st period - Shot Misses the Net.
4:05 of 1st period - Shot by David Savard.
4:05 of 1st period - Shot Misses the Net.
4:07 of 1st period - Shot by Ryan McDonagh.
4:07 of 1st period - Shot Blocked by Brian Dumoulin.
4:09 of 1st period - Shot by Ryan McDonagh.
4:09 of 1st period - Shot Misses the Net.
4:11 of 1st period - Shot by David Savard.
4:11 of 1st period - Shot Misses the Net.
4:58 of 1st period - Alex Iafallo is hit by Erik Cernak and loses puck.
5:20 of 1st period - Brady Skjei is hit by Vincent Trocheck and loses puck.
6:20 of 1st period - Shot by Adam Henrique.
6:20 of 1st period - Shot Blocked by Ryan McDonagh.
6:49 of 1st period - David Savard is hit by Markus Nutivaara and loses puck.
7:04 of 1st period - Minor Penalty to Antoine Roussel for Tripping.
7:05 of 1st period - Connor McDavid wins face-off versus Vladimir Sobotka in Bruins zone.
7:38 of 1st period - Shot by Matt Niskanen.
7:38 of 1st period - Stopped by Louis Domingue with a rebound.
7:40 of 1st period - Shot by Cam Atkinson.
7:40 of 1st period - Shot Misses the Net.
7:42 of 1st period - Shot by Nick Leddy.
7:42 of 1st period - Shot Misses the Net.
8:46 of 1st period - Shot by Alexander Radulov.
8:46 of 1st period - Shot Misses the Net.
8:48 of 1st period - Shot by Cam Atkinson.
8:48 of 1st period - Shot Misses the Net.
8:50 of 1st period - Shot by Alexander Radulov.
8:50 of 1st period - Deflect By Connor McDavid.
8:50 of 1st period - Shot Misses the Net.
8:52 of 1st period - Shot by Matt Niskanen.
8:52 of 1st period - Shot Misses the Net.
8:54 of 1st period - Shot by Nick Leddy.
8:54 of 1st period - Stopped by Louis Domingue without a rebound.
8:55 of 1st period - Vincent Trocheck wins face-off versus Adam Henrique in Bruins zone.
9:00 of 1st period - Shot by Zach Hyman.
9:00 of 1st period - Deflect By Vincent Trocheck.
9:00 of 1st period - Shot Misses the Net.
9:02 of 1st period - Shot by Noel Acciari.
9:02 of 1st period - Stopped by Louis Domingue without a rebound.
9:03 of 1st period - Connor McDavid wins face-off versus Vladimir Sobotka in Bruins zone.
9:18 of 1st period - Shot by Devin Shore.
9:18 of 1st period - Deflect By Milan Lucic.
9:18 of 1st period - Shot Misses the Net.
9:20 of 1st period - Shot by Milan Lucic.
9:20 of 1st period - Stopped by Louis Domingue without a rebound.
9:21 of 1st period - Radek Faksa wins face-off versus Nick Bonino in Bruins zone.
9:25 of 1st period - David Savard is hit by Colton White and loses puck.
9:29 of 1st period - Noel Acciari is hit by Jonathon Merrill and loses puck.
9:33 of 1st period - Minor Penalty to Jonathon Merrill for Tripping.
9:34 of 1st period - Vladimir Sobotka wins face-off versus Cam Atkinson in Bruins zone.
9:45 of 1st period - Shot by Alexander Radulov.
9:45 of 1st period - Deflect By Connor McDavid.
9:45 of 1st period - Shot Misses the Net.
10:02 of 1st period - Cam Atkinson is hit by Brian Dumoulin and loses puck.
11:46 of 1st period - Adam Henrique is hit by Milan Lucic and loses puck.
11:54 of 1st period - Adam Henrique is hit by Erik Cernak and loses puck.
11:56 of 1st period - Minor Penalty to Dmitry Kulikov for Hooking.
11:57 of 1st period - Adam Henrique wins face-off versus Vincent Trocheck in Rangers zone.
12:49 of 1st period - Jordan Oesterle is hit by Matt Niskanen and loses puck.
12:56 of 1st period - Shot by Brady Skjei.
12:56 of 1st period - Stopped by Joonas Korpisalo without a rebound.
12:57 of 1st period - Nick Bonino wins face-off versus Jayson Megna in Rangers zone.
13:24 of 1st period - Shot by Michael Frolik.
13:24 of 1st period - Stopped by Joonas Korpisalo without a rebound.
13:25 of 1st period - Adam Henrique wins face-off versus Vincent Trocheck in Rangers zone.
14:17 of 1st period - Shot by Brian Dumoulin.
14:17 of 1st period - Shot Blocked by Zach Hyman.
14:33 of 1st period - Off-side.
14:34 of 1st period - Radek Faksa wins face-off versus Brandon Pirri in neutral zone.
16:14 of 1st period - Off-side.
16:15 of 1st period - Vladimir Sobotka wins face-off versus Nick Bonino in neutral zone.
16:18 of 1st period - Noel Acciari is hit by Marcus Sorensen and loses puck.
16:23 of 1st period - Shot by Marcus Sorensen.
16:23 of 1st period - Shot Blocked by Nick Bonino.
16:25 of 1st period - Shot by Brian Dumoulin.
16:25 of 1st period - Stopped by Joonas Korpisalo with a rebound.
16:27 of 1st period - Shot by Brian Dumoulin.
16:27 of 1st period - Goal by Brian Dumoulin - Bruins : 1 - Rangers : 0.
16:28 of 1st period - Connor McDavid wins face-off versus Jayson Megna in neutral zone.
16:28 of 1st period - Zach Hyman is hit by Jayson Megna and loses puck.
16:38 of 1st period - Off-side.
16:39 of 1st period - Radek Faksa wins face-off versus Noel Acciari in neutral zone.
17:08 of 1st period - Shot by Radek Faksa.
17:08 of 1st period - Deflect By Michael Frolik.
17:08 of 1st period - Shot Misses the Net.
17:17 of 1st period - Icing by Michael Frolik.
17:18 of 1st period - Radek Faksa wins face-off versus Connor McDavid in Bruins zone.
17:18 of 1st period - Alex Iafallo is hit by Connor McDavid and loses puck.
17:31 of 1st period - Shot by Connor McDavid.
17:31 of 1st period - Stopped by Louis Domingue with a rebound.
17:33 of 1st period - Shot by Ryan McDonagh.
17:33 of 1st period - Shot Misses the Net.
17:35 of 1st period - Shot by Ryan McDonagh.
17:35 of 1st period - Shot Misses the Net.
17:37 of 1st period - Shot by Ryan McDonagh.
17:37 of 1st period - Shot Blocked by Brian Dumoulin.
17:39 of 1st period - Shot by Ryan McDonagh.
17:39 of 1st period - Shot Misses the Net.
17:48 of 1st period - Shot by Ryan McDonagh.
17:48 of 1st period - Shot Misses the Net.
17:50 of 1st period - Shot by David Savard.
17:50 of 1st period - Shot Misses the Net.
17:56 of 1st period - Shot by Connor McDavid.
17:56 of 1st period - Stopped by Louis Domingue without a rebound.
17:57 of 1st period - Adam Henrique wins face-off versus Vincent Trocheck in Bruins zone.
18:10 of 1st period - Shot by Adam Henrique.
18:10 of 1st period - Goal by Adam Henrique - Bruins : 2 - Rangers : 0.
18:11 of 1st period - Nick Bonino wins face-off versus Vladimir Sobotka in neutral zone.
18:22 of 1st period - Shot by Nick Bonino.
18:22 of 1st period - Shot Hit the Post.
18:24 of 1st period - Shot by Nick Bonino.
18:24 of 1st period - Shot Blocked by Jordan Oesterle.
18:26 of 1st period - Shot by Dmitry Kulikov.
18:26 of 1st period - Stopped by Louis Domingue with a rebound.
18:32 of 1st period - Shot by Dmitry Kulikov.
18:32 of 1st period - Shot Misses the Net.
18:34 of 1st period - Shot by Nick Bonino.
18:34 of 1st period - Goal by Nick Bonino - Bruins : 2 - Rangers : 1.
18:35 of 1st period - Adam Henrique wins face-off versus Zach Hyman in neutral zone.
18:48 of 1st period - Shot by Adam Henrique.
18:48 of 1st period - Shot Blocked by Matt Niskanen.
19:00 of 1st period - Shot by Zach Hyman.
19:00 of 1st period - Stopped by Louis Domingue with a rebound.
19:02 of 1st period - Shot by Connor McDavid.
19:02 of 1st period - Stopped by Louis Domingue with a rebound.
19:44 of 1st period - Shot by Cam Atkinson.
19:44 of 1st period - Stopped by Louis Domingue without a rebound.
19:45 of 1st period - Vladimir Sobotka wins face-off versus Nick Bonino in Bruins zone.
19:52 of 1st period - Shot by Antoine Roussel.
19:52 of 1st period - Stopped by Joonas Korpisalo without a rebound.
19:53 of 1st period - Nick Bonino wins face-off versus Radek Faksa in Rangers zone.
Goals for this period are 2 for Bruins vs 1 for Rangers.
Shots for this period are 9 for Bruins vs 11 for Rangers.

2nd period


0:01 of 2nd period - Adam Henrique wins face-off versus Connor McDavid in neutral zone.
0:22 of 2nd period - Shot by Connor McDavid.
0:22 of 2nd period - Deflect By Zach Hyman.
0:22 of 2nd period - Stopped by Louis Domingue with a rebound.
1:23 of 2nd period - Jonathon Merrill is hit by Vincent Trocheck and loses puck.
1:40 of 2nd period - Shot by Radek Faksa.
1:40 of 2nd period - Deflect By Alex Iafallo.
1:40 of 2nd period - Stopped by Joonas Korpisalo without a rebound.
1:41 of 2nd period - Nick Bonino wins face-off versus Michael Frolik in Rangers zone.
1:56 of 2nd period - Shot by Cal Clutterbuck.
1:56 of 2nd period - Stopped by Louis Domingue without a rebound.
1:57 of 2nd period - Brandon Pirri wins face-off versus Adam Henrique in Bruins zone.
2:20 of 2nd period - Minor Penalty to Milan Lucic for Interference.
2:21 of 2nd period - Vincent Trocheck wins face-off versus Tyler Bertuzzi in Rangers zone.
2:32 of 2nd period - Shot by Markus Nutivaara.
2:32 of 2nd period - Stopped by Joonas Korpisalo without a rebound.
2:33 of 2nd period - Vincent Trocheck wins face-off versus Adam Henrique in Rangers zone.
2:57 of 2nd period - Icing by Marcus Sorensen.
2:58 of 2nd period - Nick Bonino wins face-off versus Adam Henrique in Bruins zone.
3:16 of 2nd period - Icing by Adam Henrique.
3:17 of 2nd period - Adam Henrique wins face-off versus Nick Bonino in Bruins zone.
4:02 of 2nd period - Shot by Tyler Bertuzzi.
4:02 of 2nd period - Shot Blocked by Ryan McDonagh.
4:04 of 2nd period - Shot by Markus Nutivaara.
4:04 of 2nd period - Stopped by Joonas Korpisalo without a rebound.
4:05 of 2nd period - Nick Bonino wins face-off versus Adam Henrique in Rangers zone.
4:33 of 2nd period - Shot by Zach Hyman.
4:33 of 2nd period - Stopped by Louis Domingue with a rebound.
4:34 of 2nd period - Minor Penalty to Brett Pesce for Hooking.
4:35 of 2nd period - Vladimir Sobotka wins face-off versus Connor McDavid in Bruins zone.
4:35 of 2nd period - Vladimir Sobotka is hit by Connor McDavid.
5:09 of 2nd period - Shot by Connor McDavid.
5:09 of 2nd period - Stopped by Louis Domingue without a rebound.
5:10 of 2nd period - Vincent Trocheck wins face-off versus Vladimir Sobotka in Bruins zone.
5:58 of 2nd period - Icing by Noel Acciari.
5:59 of 2nd period - Vincent Trocheck wins face-off versus Vladimir Sobotka in Rangers zone.
6:17 of 2nd period - Minor Penalty to Andrew Ladd for Hooking.
6:18 of 2nd period - Jayson Megna wins face-off versus Connor McDavid in Rangers zone.
6:49 of 2nd period - Shot by Adam Henrique.
6:49 of 2nd period - Stopped by Joonas Korpisalo without a rebound.
6:50 of 2nd period - Jayson Megna wins face-off versus Nick Bonino in Rangers zone.
7:01 of 2nd period - Shot by Markus Nutivaara.
7:01 of 2nd period - Stopped by Joonas Korpisalo without a rebound.
7:02 of 2nd period - Vincent Trocheck wins face-off versus Adam Henrique in Rangers zone.
7:31 of 2nd period - Shot by Markus Nutivaara.
7:31 of 2nd period - Stopped by Joonas Korpisalo without a rebound.
7:32 of 2nd period - Jayson Megna wins face-off versus Nick Bonino in Rangers zone.
7:44 of 2nd period - Shot by Tyler Bertuzzi.
7:44 of 2nd period - Deflect By Michael Frolik.
7:44 of 2nd period - Shot Blocked by Nick Leddy.
7:46 of 2nd period - Shot by Michael Frolik.
7:46 of 2nd period - Deflect By Tyler Bertuzzi.
7:46 of 2nd period - Stopped by Joonas Korpisalo with a rebound.
7:48 of 2nd period - Shot by Brady Skjei.
7:48 of 2nd period - Shot Misses the Net.
7:50 of 2nd period - Shot by Brady Skjei.
7:50 of 2nd period - Shot Misses the Net.
7:52 of 2nd period - Shot by Tyler Bertuzzi.
7:52 of 2nd period - Stopped by Joonas Korpisalo without a rebound.
7:53 of 2nd period - Adam Henrique wins face-off versus Vincent Trocheck in Rangers zone.
8:32 of 2nd period - Shot by Antoine Roussel.
8:32 of 2nd period - Stopped by Joonas Korpisalo without a rebound.
8:33 of 2nd period - Adam Henrique wins face-off versus Connor McDavid in Rangers zone.
8:34 of 2nd period - Shot by Tyler Bertuzzi.
8:34 of 2nd period - Shot Misses the Net.
8:46 of 2nd period - Shot by Zach Hyman.
8:46 of 2nd period - Shot Misses the Net.
8:48 of 2nd period - Shot by Ryan McDonagh.
8:48 of 2nd period - Goal by Ryan McDonagh - Bruins : 2 - Rangers : 2.
8:49 of 2nd period - Nick Bonino wins face-off versus Vladimir Sobotka in neutral zone.
9:05 of 2nd period - Nick Bonino is hit by Colton White and loses puck.
9:41 of 2nd period - Icing by Cal Clutterbuck.
9:42 of 2nd period - Nick Bonino wins face-off versus Adam Henrique in Rangers zone.
9:42 of 2nd period - Matt Niskanen is hit by Tyler Bertuzzi and loses puck.
10:06 of 2nd period - Alexander Radulov is hit by Brady Skjei and loses puck.
10:15 of 2nd period - Icing by Carl Hagelin.
10:16 of 2nd period - Adam Henrique wins face-off versus Vincent Trocheck in Bruins zone.
10:25 of 2nd period - Shot by Tyler Bertuzzi.
10:25 of 2nd period - Shot Blocked by Andrew Ladd.
10:27 of 2nd period - Shot by Brady Skjei.
10:27 of 2nd period - Stopped by Joonas Korpisalo without a rebound.
10:28 of 2nd period - Connor McDavid wins face-off versus Radek Faksa in Rangers zone.
10:45 of 2nd period - Radek Faksa is hit by Zach Hyman.
10:49 of 2nd period - Zach Hyman is hit by Radek Faksa and loses puck.
11:40 of 2nd period - Off-side.
11:41 of 2nd period - Adam Henrique wins face-off versus Nick Bonino in neutral zone.
11:58 of 2nd period - Shot by Nick Bonino.
11:58 of 2nd period - Shot Misses the Net.
12:00 of 2nd period - Shot by Cal Clutterbuck.
12:00 of 2nd period - Shot Misses the Net.
12:20 of 2nd period - Shot by Noel Acciari.
12:20 of 2nd period - Stopped by Louis Domingue without a rebound.
12:21 of 2nd period - Vladimir Sobotka wins face-off versus Cam Atkinson in Bruins zone.
13:27 of 2nd period - Minor Penalty to David Savard for Roughing.
13:28 of 2nd period - Nick Bonino wins face-off versus Jayson Megna in Rangers zone.
14:03 of 2nd period - Shot by Tyler Bertuzzi.
14:03 of 2nd period - Stopped by Joonas Korpisalo without a rebound.
14:04 of 2nd period - Nick Bonino wins face-off versus Adam Henrique in Rangers zone.
15:39 of 2nd period - Shot by Antoine Roussel.
15:39 of 2nd period - Stopped by Joonas Korpisalo without a rebound.
15:40 of 2nd period - Jayson Megna wins face-off versus Brandon Pirri in Rangers zone.
15:56 of 2nd period - Brandon Pirri is hit by Brian Dumoulin and loses puck.
16:23 of 2nd period - Shot by Zach Hyman.
16:23 of 2nd period - Shot Blocked by Brian Dumoulin.
16:25 of 2nd period - Shot by Matt Niskanen.
16:25 of 2nd period - Stopped by Louis Domingue with a rebound.
16:27 of 2nd period - Shot by Zach Hyman.
16:27 of 2nd period - Deflect By Connor McDavid.
16:27 of 2nd period - Stopped by Louis Domingue without a rebound.
16:28 of 2nd period - Vincent Trocheck wins face-off versus Radek Faksa in Bruins zone.
16:51 of 2nd period - Shot by Radek Faksa.
16:51 of 2nd period - Shot Misses the Net.
16:53 of 2nd period - Shot by Jordan Oesterle.
16:53 of 2nd period - Shot Misses the Net.
16:55 of 2nd period - Shot by Radek Faksa.
16:55 of 2nd period - Shot Misses the Net.
16:57 of 2nd period - Shot by Radek Faksa.
16:57 of 2nd period - Shot Blocked by Dmitry Kulikov.
16:59 of 2nd period - Shot by Radek Faksa.
16:59 of 2nd period - Shot Blocked by Dmitry Kulikov.
17:11 of 2nd period - Erik Cernak is hit by Radek Faksa and loses puck.
17:53 of 2nd period - Shot by Alexander Radulov.
17:53 of 2nd period - Shot Blocked by Colton White.
17:55 of 2nd period - Shot by Matt Niskanen.
17:55 of 2nd period - Deflect By Connor McDavid.
17:55 of 2nd period - Stopped by Louis Domingue without a rebound.
17:56 of 2nd period - Nick Bonino wins face-off versus Vladimir Sobotka in Bruins zone.
17:59 of 2nd period - Shot by Noel Acciari.
17:59 of 2nd period - Stopped by Louis Domingue with a rebound.
18:01 of 2nd period - Shot by Cal Clutterbuck.
18:01 of 2nd period - Shot Blocked by Markus Nutivaara.
18:03 of 2nd period - Shot by Nick Bonino.
18:03 of 2nd period - Shot Blocked by Brett Pesce.
19:08 of 2nd period - Shot by Connor McDavid.
19:08 of 2nd period - Stopped by Louis Domingue without a rebound.
19:09 of 2nd period - Vincent Trocheck wins face-off versus Adam Henrique in Bruins zone.
19:24 of 2nd period - Carl Hagelin is hit by Erik Cernak and loses puck.
19:30 of 2nd period - Tyler Bertuzzi is hit by Erik Cernak and loses puck.
19:43 of 2nd period - Shot by Adam Henrique.
19:43 of 2nd period - Deflect By Tyler Bertuzzi.
19:43 of 2nd period - Stopped by Joonas Korpisalo without a rebound.
19:44 of 2nd period - Radek Faksa wins face-off versus Connor McDavid in Rangers zone.
Goals for this period are 0 for Bruins vs 1 for Rangers.
Shots for this period are 13 for Bruins vs 11 for Rangers.

3rd period


0:01 of 3rd period - Connor McDavid wins face-off versus Adam Henrique in neutral zone.
0:05 of 3rd period - Shot by Nick Leddy.
0:05 of 3rd period - Stopped by Louis Domingue without a rebound.
0:06 of 3rd period - Adam Henrique wins face-off versus Connor McDavid in Bruins zone.
0:21 of 3rd period - Shot by Connor McDavid.
0:21 of 3rd period - Deflect By Alexander Radulov.
0:21 of 3rd period - Stopped by Louis Domingue with a rebound.
1:16 of 3rd period - Shot by Vincent Trocheck.
1:16 of 3rd period - Shot Blocked by Alex Iafallo.
1:18 of 3rd period - Shot by Vincent Trocheck.
1:18 of 3rd period - Deflect By Andrew Ladd.
1:18 of 3rd period - Shot Misses the Net.
1:30 of 3rd period - Shot by Vincent Trocheck.
1:30 of 3rd period - Stopped by Louis Domingue with a rebound.
2:01 of 3rd period - Icing by Cal Clutterbuck.
2:02 of 3rd period - Nick Bonino wins face-off versus Vladimir Sobotka in Rangers zone.
2:09 of 3rd period - Shot by Nick Bonino.
2:09 of 3rd period - Shot Misses the Net.
3:03 of 3rd period - Shot by Connor McDavid.
3:03 of 3rd period - Shot Misses the Net.
3:05 of 3rd period - Shot by Nick Leddy.
3:05 of 3rd period - Stopped by Louis Domingue with a rebound.
3:07 of 3rd period - Shot by Zach Hyman.
3:07 of 3rd period - Shot Misses the Net.
3:09 of 3rd period - Shot by Matt Niskanen.
3:09 of 3rd period - Stopped by Louis Domingue with a rebound.
3:18 of 3rd period - Icing by Brady Skjei.
3:19 of 3rd period - Adam Henrique wins face-off versus Vincent Trocheck in Bruins zone.
3:39 of 3rd period - Shot by Andrew Ladd.
3:39 of 3rd period - Shot Misses the Net.
3:45 of 3rd period - Shot by Cam Atkinson.
3:45 of 3rd period - Shot Misses the Net.
3:47 of 3rd period - Shot by Cam Atkinson.
3:47 of 3rd period - Deflect By Vincent Trocheck.
3:47 of 3rd period - Shot Misses the Net.
3:49 of 3rd period - Shot by Andrew Ladd.
3:49 of 3rd period - Shot Misses the Net.
3:51 of 3rd period - Shot by Ryan McDonagh.
3:51 of 3rd period - Shot Misses the Net.
4:08 of 3rd period - Icing by Adam Henrique.
4:09 of 3rd period - Carl Hagelin wins face-off versus Connor McDavid in Bruins zone.
4:28 of 3rd period - Nick Leddy is hit by Michael Frolik.
4:40 of 3rd period - Shot by Michael Frolik.
4:40 of 3rd period - Stopped by Joonas Korpisalo with a rebound.
5:57 of 3rd period - Icing by Brian Dumoulin.
5:58 of 3rd period - Vincent Trocheck wins face-off versus Vladimir Sobotka in Bruins zone.
5:59 of 3rd period - Shot by Cam Atkinson.
5:59 of 3rd period - Shot Misses the Net.
6:05 of 3rd period - Shot by Vincent Trocheck.
6:05 of 3rd period - Shot Misses the Net.
6:07 of 3rd period - Shot by Cam Atkinson.
6:07 of 3rd period - Shot Misses the Net.
6:09 of 3rd period - Shot by Cam Atkinson.
6:09 of 3rd period - Stopped by Louis Domingue without a rebound.
6:10 of 3rd period - Jayson Megna wins face-off versus Noel Acciari in Bruins zone.
6:17 of 3rd period - Shot by Tanner Fritz.
6:17 of 3rd period - Shot Misses the Net.
6:34 of 3rd period - Shot by Ryan McDonagh.
6:34 of 3rd period - Deflect By Nick Bonino.
6:34 of 3rd period - Stopped by Louis Domingue with a rebound.
6:35 of 3rd period - Minor Penalty to Markus Nutivaara for Roughing.
6:36 of 3rd period - Connor McDavid wins face-off versus Vladimir Sobotka in Bruins zone.
6:43 of 3rd period - Shot by Alexander Radulov.
6:43 of 3rd period - Deflect By Connor McDavid.
6:43 of 3rd period - Shot Misses the Net.
6:45 of 3rd period - Shot by Matt Niskanen.
6:45 of 3rd period - Stopped by Louis Domingue without a rebound.
6:46 of 3rd period - Vladimir Sobotka wins face-off versus Connor McDavid in Bruins zone.
7:09 of 3rd period - Shot by Matt Niskanen.
7:09 of 3rd period - Stopped by Louis Domingue without a rebound.
7:10 of 3rd period - Vladimir Sobotka wins face-off versus Vincent Trocheck in Bruins zone.
7:21 of 3rd period - Shot by Andrew Ladd.
7:21 of 3rd period - Stopped by Louis Domingue without a rebound.
7:22 of 3rd period - Alexander Radulov wins face-off versus Vladimir Sobotka in Bruins zone.
7:37 of 3rd period - Shot by Connor McDavid.
7:37 of 3rd period - Shot Misses the Net.
8:09 of 3rd period - Shot by Radek Faksa.
8:09 of 3rd period - Stopped by Joonas Korpisalo without a rebound.
8:10 of 3rd period - Carl Hagelin wins face-off versus Vincent Trocheck in Rangers zone.
8:35 of 3rd period - Shot by Zach Hyman.
8:35 of 3rd period - Shot Hit the Post.
8:48 of 3rd period - Off-side.
8:49 of 3rd period - Nick Bonino wins face-off versus Jayson Megna in neutral zone.
8:49 of 3rd period - Nick Bonino is hit by Tanner Fritz.
9:41 of 3rd period - Shot by Vincent Trocheck.
9:41 of 3rd period - Stopped by Louis Domingue with a rebound.
9:43 of 3rd period - Shot by Vincent Trocheck.
9:43 of 3rd period - Goal by Vincent Trocheck - Bruins : 2 - Rangers : 3.
9:44 of 3rd period - Radek Faksa wins face-off versus Connor McDavid in neutral zone.
10:13 of 3rd period - Shot by Connor McDavid.
10:13 of 3rd period - Shot Misses the Net.
11:30 of 3rd period - Icing by Jonathon Merrill.
11:31 of 3rd period - Brandon Pirri wins face-off versus Adam Henrique in Bruins zone.
11:43 of 3rd period - Icing by David Savard.
11:44 of 3rd period - Brandon Pirri wins face-off versus Vladimir Sobotka in Rangers zone.
11:53 of 3rd period - Off-side.
11:54 of 3rd period - Connor McDavid wins face-off versus Alex Iafallo in neutral zone.
11:59 of 3rd period - Shot by Alexander Radulov.
11:59 of 3rd period - Shot Blocked by Brian Dumoulin.
12:01 of 3rd period - Shot by Connor McDavid.
12:01 of 3rd period - Stopped by Louis Domingue with a rebound.
12:12 of 3rd period - Icing by Brett Pesce.
12:13 of 3rd period - Radek Faksa wins face-off versus Vincent Trocheck in Bruins zone.
12:22 of 3rd period - Shot by Michael Frolik.
12:22 of 3rd period - Shot Misses the Net.
12:24 of 3rd period - Shot by Brett Pesce.
12:24 of 3rd period - Stopped by Joonas Korpisalo with a rebound.
12:28 of 3rd period - Shot by Michael Frolik.
12:28 of 3rd period - Stopped by Joonas Korpisalo with a rebound.
12:30 of 3rd period - Shot by Brett Pesce.
12:30 of 3rd period - Stopped by Joonas Korpisalo without a rebound.
12:31 of 3rd period - Connor McDavid wins face-off versus Vladimir Sobotka in Rangers zone.
12:40 of 3rd period - Icing by Brady Skjei.
12:41 of 3rd period - Vladimir Sobotka wins face-off versus Vincent Trocheck in Bruins zone.
12:48 of 3rd period - Shot by Vladimir Sobotka.
12:48 of 3rd period - Stopped by Joonas Korpisalo without a rebound.
12:49 of 3rd period - Connor McDavid wins face-off versus Adam Henrique in Rangers zone.
13:06 of 3rd period - Shot by Connor McDavid.
13:06 of 3rd period - Stopped by Louis Domingue without a rebound.
13:07 of 3rd period - Vincent Trocheck wins face-off versus Alex Iafallo in Bruins zone.
13:18 of 3rd period - Shot by Vincent Trocheck.
13:18 of 3rd period - Goal by Vincent Trocheck - Bruins : 2 - Rangers : 4.
13:19 of 3rd period - Connor McDavid wins face-off versus Tyler Bertuzzi in neutral zone.
13:19 of 3rd period - Minor Penalty to Tyler Bertuzzi for Roughing.
13:20 of 3rd period - Vladimir Sobotka wins face-off versus Connor McDavid in Bruins zone.
14:34 of 3rd period - Icing by Noel Acciari.
14:35 of 3rd period - Vincent Trocheck wins face-off versus Vladimir Sobotka in Rangers zone.
15:35 of 3rd period - Shot by Brady Skjei.
15:35 of 3rd period - Shot Misses the Net.
15:37 of 3rd period - Shot by Brady Skjei.
15:37 of 3rd period - Shot Misses the Net.
15:39 of 3rd period - Shot by Alex Iafallo.
15:39 of 3rd period - Goal by Alex Iafallo - Bruins : 3 - Rangers : 4.
15:40 of 3rd period - Connor McDavid wins face-off versus Jayson Megna in neutral zone.
15:53 of 3rd period - Shot by Jayson Megna.
15:53 of 3rd period - Stopped by Joonas Korpisalo without a rebound.
15:54 of 3rd period - Brandon Pirri wins face-off versus Adam Henrique in Rangers zone.
15:58 of 3rd period - Milan Lucic is hit by Brady Skjei and loses puck.
16:01 of 3rd period - Shot by Milan Lucic.
16:01 of 3rd period - Stopped by Louis Domingue without a rebound.
16:02 of 3rd period - Brandon Pirri wins face-off versus Radek Faksa in Bruins zone.
16:09 of 3rd period - Nick Leddy is hit by Alex Iafallo and loses puck.
16:14 of 3rd period - Shot by Alex Iafallo.
16:14 of 3rd period - Stopped by Joonas Korpisalo with a rebound.
16:16 of 3rd period - Shot by Radek Faksa.
16:16 of 3rd period - Shot Misses the Net.
17:08 of 3rd period - Adam Henrique is hit by David Savard and loses puck.
17:18 of 3rd period - Tyler Bertuzzi is hit by David Savard and loses puck.
17:27 of 3rd period - Shot by Tyler Bertuzzi.
17:27 of 3rd period - Stopped by Joonas Korpisalo without a rebound.
17:28 of 3rd period - Antoine Roussel wins face-off versus Connor McDavid in Rangers zone.
17:28 of 3rd period - Brett Pesce is hit by Erik Cernak and loses puck.
18:28 of 3rd period - Shot by Alex Iafallo.
18:28 of 3rd period - Shot Misses the Net.
18:32 of 3rd period - Shot by Radek Faksa.
18:32 of 3rd period - Shot Blocked by David Savard.
19:12 of 3rd period - Bruins, Louis Domingue is pulled from the net.
19:18 of 3rd period - Shot by Adam Henrique.
19:18 of 3rd period - Shot Blocked by Nick Leddy.
19:20 of 3rd period - Shot by Brian Dumoulin.
19:20 of 3rd period - Stopped by Joonas Korpisalo without a rebound.
19:21 of 3rd period - Adam Henrique wins face-off versus Nick Bonino in Rangers zone.
19:35 of 3rd period - Nick Bonino is hit by Brady Skjei and loses puck.
Goals for this period are 1 for Bruins vs 2 for Rangers.
Shots for this period are 11 for Bruins vs 16 for Rangers.